MLB
CALIFORNIA ANGELS @ OAKLAND ATHLETICS
08/24/2047
 
TOP OF THE 1ST
California Angels batting - Pitching for Oakland Athletics : RHP Corbin Schenn
Pitching: RHP Corbin Schenn
Batting: LHB Rusty Ney 0-0: Ball
1-0: Called Strike
1-1: Foul Ball, location: 2F
1-2: Ball
2-2: Ground out U3 (Groundball, 3, EV 93.8 MPH)
Batting: RHB Luis Romero 0-0: Ball
1-0: Ball
2-0: Ball
3-0: Ground out U3 (Groundball, 34S, EV 86.2 MPH)
Batting: RHB Preston Deakyne 0-0: Ball
1-0: Ground out U3 (Groundball, 34S, EV 65.6 MPH)
Top of the 1st over - 0 runs, 0 hits, 0 errors, 0 left on base; California 0 - Oakland 0
BOTTOM OF THE 1ST
Oakland Athletics batting - Pitching for California Angels : LHP Steve Cooper
Pitching: LHP Steve Cooper
Batting: RHB Muneo Kawachi 0-0: Called Strike
0-1: Ball
1-1: Called Strike
1-2: Ground out 5-3 (Groundball, 56S, EV 88.8 MPH)
Batting: RHB Randy Shrewsbury 0-0: Called Strike
0-1: Ball
1-1: Ball
2-1: Swinging Strike
2-2: Fly out, F9 (Flyball, 9LMF, EV 113.8 MPH)
Batting: RHB Jason May 0-0: Foul Ball, location: 2F
0-1: Ball
1-1: Ball
2-1: Foul Ball, location: 2F
2-2: SINGLE (Flyball, 4D, EV 85.6 MPH)
Batting: LHB Joel Kunkler 0-0: Ball
1-0: Ball
2-0: Foul Ball, location: 2F
2-1: Ball
3-1: Foul Ball, location: 2F
3-2: Foul Ball, location: 2F
3-2: Fly out, F8 (Flyball, 89D, EV 106.2 MPH)
Bottom of the 1st over - 0 runs, 1 hit, 0 errors, 1 left on base; California 0 - Oakland 0
TOP OF THE 2ND
California Angels batting - Pitching for Oakland Athletics : RHP Corbin Schenn
Batting: RHB Nick Dunn 0-0: Ground out 5-3 (Groundball, 56, EV 104.4 MPH)
Batting: RHB Bjoern Waltersson 0-0: Ball
1-0: Ball
2-0: Called Strike
2-1: SINGLE (Line Drive, 8LS, EV 106.2 MPH)
Batting: LHB Micah Miller 0-0: Ball
1-0: Ball
2-0: Ball
3-0: Called Strike
3-1: Foul Ball, location: 2F
3-2: Strikes out looking
Bjoern Waltersson is caught stealing 2nd base 2-6
Batter strikes out.
Top of the 2nd over - 0 runs, 1 hit, 0 errors, 0 left on base; California 0 - Oakland 0
BOTTOM OF THE 2ND
Oakland Athletics batting - Pitching for California Angels : LHP Steve Cooper
Batting: RHB Philip Jansen 0-0: Ground out 4-3 (Groundball, 4, EV 85.0 MPH)
Batting: RHB Nick Gentzel 0-0: Called Strike
0-1: Ball
1-1: Foul Ball, location: 2F
1-2: Ball
2-2: Strikes out looking
Batting: SHB Quincy Bradford 0-0: Swinging Strike
0-1: Foul Ball, location: 2F
0-2: Ball
1-2: Ground out 6-3 (Groundball, 6, EV 82.5 MPH)
Bottom of the 2nd over - 0 runs, 0 hits, 0 errors, 0 left on base; California 0 - Oakland 0
TOP OF THE 3RD
California Angels batting - Pitching for Oakland Athletics : RHP Corbin Schenn
Batting: LHB Javier Trujillo 0-0: Ball
1-0: Ball
2-0: Foul Ball, location: 2F
2-1: SINGLE (Groundball, 56S, EV 73.8 MPH) (infield hit)
Batting: RHB Mike Harkins 0-0: Called Strike
0-1: Foul Ball, location: 2F
0-2: SINGLE (Groundball, 56D, EV 96.2 MPH)
Javier Trujillo to second
Batting: SHB Johnny Stables 0-0: Called Strike
0-1: Foul Ball, location: 2F
0-2: Ball
1-2: Ball
2-2: Foul Ball, location: 2F
2-2: Foul Ball, location: 2F
2-2: Fly out, F5 (Popup, 15, EV 85.0 MPH)
Batting: LHB Rusty Ney 0-0: Ball
1-0: Ball
2-0: Foul Ball, location: 2F
2-1: Ball
Wild Pitch!
Javier Trujillo to third
Mike Harkins to second
3-1: Base on Balls
Batting: RHB Luis Romero 0-0: Foul Ball, location: 2F
0-1: Called Strike
0-2: Ball
1-2: Ball
2-2: Hit by Pitch
Javier Trujillo scores
Mike Harkins to third
Rusty Ney to second
Batting: RHB Preston Deakyne 0-0: Ball
1-0: DOUBLE (Line Drive, 8LXD, EV 108.1 MPH)
Mike Harkins scores
Rusty Ney scores
Luis Romero to third
Runner from 3rd tries for Home, SAFE, no throw by CF
Batting: RHB Nick Dunn 0-0: Called Strike
0-1: Ground out U3 (Groundball, 3, EV 85.6 MPH)
Preston Deakyne to third
Batting: RHB Bjoern Waltersson 0-0: Swinging Strike
0-1: Ball
1-1: Ball
2-1: Foul Ball, location: 2F
2-2: Strikes out swinging
Top of the 3rd over - 4 runs, 3 hits, 0 errors, 1 left on base; California 4 - Oakland 0
BOTTOM OF THE 3RD
Oakland Athletics batting - Pitching for California Angels : LHP Steve Cooper
Batting: RHB Garry Hash 0-0: Ball
1-0: Ball
2-0: Called Strike
2-1: Foul Ball, location: 2F
2-2: Foul Ball, location: 2F
2-2: Foul Ball, location: 2F
2-2: Ball
3-2: Foul Ball, location: 2F
3-2: Foul Ball, location: 2F
3-2: Strikes out swinging
Batting: SHB Ryan Langlois 0-0: Called Strike
0-1: Ball
1-1: Ball
2-1: Ball
3-1: Swinging Strike
3-2: Strikes out looking
Batting: RHB Muneo Kawachi 0-0: Called Strike
0-1: Ball
1-1: Foul Ball, location: 2F
1-2: Ball
2-2: Foul Ball, location: 2F
2-2: Fly out, F9 (Flyball, 9S, EV 93.8 MPH)
Bottom of the 3rd over - 0 runs, 0 hits, 0 errors, 0 left on base; California 4 - Oakland 0
TOP OF THE 4TH
California Angels batting - Pitching for Oakland Athletics : RHP Corbin Schenn
Batting: LHB Micah Miller 0-0: Ball
1-0: Called Strike
1-1: Swinging Strike
1-2: Ball
2-2: Foul Ball, location: 2F
2-2: DOUBLE (Groundball, 3L, EV 100.6 MPH)
Batting: LHB Javier Trujillo 0-0: DOUBLE (Groundball, 3L, EV 101.9 MPH)
Micah Miller scores
Pitching: LHP Katsumi Takaki
Batting: RHB Mike Harkins 0-0: Ball
1-0: Ball
2-0: Foul Ball, location: 2F
2-1: Ball
3-1: Called Strike
3-2: Strikes out looking
Batting: SHB Johnny Stables 0-0: Called Strike
0-1: Swinging Strike
0-2: Ball
1-2: Ball
2-2: Foul Ball, location: 2F
2-2: Strikes out swinging
Batting: LHB Rusty Ney 0-0: Foul Ball, location: 2F
0-1: SINGLE (Groundball, 6D, EV 103.8 MPH)
Javier Trujillo to third
Runner from 3rd tries for Home, SAFE, throw by CF to home
Batting: RHB Luis Romero 0-0: Ball
1-0: Ball
2-0: Ball
3-0: Called Strike
3-1: SINGLE (Line Drive, 9S, EV 105.6 MPH)
Rusty Ney to second
Runner from 2nd tries for 3rd, SAFE, no throw by RF
Batting: RHB Preston Deakyne 0-0: Called Strike
0-1: Ball
1-1: Foul Ball, location: 2F
1-2: Ball
2-2: Fly out, F8 (Line Drive, 8RM, EV 104.4 MPH)
Top of the 4th over - 2 runs, 4 hits, 0 errors, 2 left on base; California 6 - Oakland 0
BOTTOM OF THE 4TH
Oakland Athletics batting - Pitching for California Angels : LHP Steve Cooper
Batting: RHB Randy Shrewsbury 0-0: Called Strike
0-1: Ball
1-1: Ball
2-1: Swinging Strike
2-2: Ground out 6-3 (Groundball, 6, EV 108.1 MPH)
Batting: RHB Jason May 0-0: Swinging Strike
0-1: Ground out 1-3 (Groundball, 34S, EV 72.5 MPH)
Batting: LHB Joel Kunkler 0-0: Ball
1-0: Ball
2-0: Ball
3-0: Ground out U3 (Groundball, 34S, EV 87.5 MPH)
Bottom of the 4th over - 0 runs, 0 hits, 0 errors, 0 left on base; California 6 - Oakland 0
TOP OF THE 5TH
California Angels batting - Pitching for Oakland Athletics : LHP Katsumi Takaki
Batting: RHB Nick Dunn 0-0: Called Strike
0-1: Ground out 5-3 (Groundball, 56, EV 81.9 MPH)
Batting: RHB Bjoern Waltersson 0-0: Ball
1-0: Swinging Strike
1-1: Ball
2-1: SINGLE (Groundball, 4MD, EV 105.0 MPH)
Batting: LHB Micah Miller 0-0: Ball
1-0: SINGLE (Groundball, 4D, EV 101.2 MPH)
Bjoern Waltersson to second
Runner from 2nd tries for 3rd, SAFE, throw by RF made to third
Batting: LHB Javier Trujillo 0-0: Swinging Strike
0-1: Fly out, F9 (Flyball, 9D, EV 98.8 MPH)
Runner from 3rd tags up, SCORES, no throw by RF
Batting: RHB Mike Harkins 0-0: Foul Ball, location: 2F
0-1: Ball
1-1: Called Strike
1-2: Foul Ball, location: 2F
1-2: Strikes out swinging
Top of the 5th over - 1 run, 2 hits, 0 errors, 1 left on base; California 7 - Oakland 0
BOTTOM OF THE 5TH
Oakland Athletics batting - Pitching for California Angels : LHP Steve Cooper
Batting: RHB Philip Jansen 0-0: Called Strike
0-1: Ball
1-1: Ground out 5-3 (Groundball, 5, EV 86.9 MPH)
Batting: RHB Nick Gentzel 0-0: Called Strike
0-1: Foul Ball, location: 2F
0-2: Strikes out swinging
Batting: SHB Quincy Bradford 0-0: Fly out, F9 (Line Drive, 9LM, EV 102.5 MPH)
Bottom of the 5th over - 0 runs, 0 hits, 0 errors, 0 left on base; California 7 - Oakland 0
TOP OF THE 6TH
California Angels batting - Pitching for Oakland Athletics : LHP Katsumi Takaki
Batting: SHB Johnny Stables 0-0: Ball
1-0: Called Strike
1-1: Ball
2-1: SINGLE (Groundball, 6M, EV 108.8 MPH) (infield hit)
Pitching: RHP John Owens
Batting: LHB Rusty Ney 0-0: Foul Ball, location: 2F
0-1: Called Strike
0-2: Strikes out looking
Batting: RHB Luis Romero 0-0: Ball
1-0: Foul Ball, location: 2F
1-1: Ball
2-1: Foul Ball, location: 2F
2-2: Strikes out swinging
Batting: RHB Preston Deakyne 0-0: Ball
1-0: Swinging Strike
1-1: Ball
2-1: Ball
Wild Pitch!
Johnny Stables to second
3-1: Base on Balls
Batting: RHB Nick Dunn 0-0: Called Strike
0-1: Ball
1-1: Foul Ball, location: 2F
1-2: Foul Ball, location: 2F
1-2: DOUBLE (Line Drive, 9LM, EV 106.9 MPH)
Johnny Stables scores
Preston Deakyne to third
Runner from 3rd tries for Home, SAFE, throw by RF to home
Batting: RHB Bjoern Waltersson 0-0: Called Strike
0-1: Ball
1-1: Swinging Strike
1-2: Strikes out looking
Top of the 6th over - 2 runs, 2 hits, 0 errors, 1 left on base; California 9 - Oakland 0
BOTTOM OF THE 6TH
Oakland Athletics batting - Pitching for California Angels : LHP Steve Cooper
Batting: RHB Garry Hash 0-0: Foul Ball, location: 2F
0-1: Fly out, F8 (Line Drive, 8LM, EV 92.5 MPH)
Batting: SHB Ryan Langlois 0-0: Ball
1-0: Swinging Strike
1-1: Called Strike
1-2: Ground out 4-3 (Groundball, 4, EV 86.9 MPH)
Batting: RHB Muneo Kawachi 0-0: Ball
1-0: Ball
2-0: Ball
3-0: Called Strike
3-1: Foul Ball, location: 2F
3-2: Base on Balls
Batting: RHB Randy Shrewsbury 0-0: Ball
1-0: Ball
2-0: Ball
3-0: Foul Ball, location: 2F
3-1: Ground out 4-3 (Groundball, 4, EV 78.1 MPH)
Bottom of the 6th over - 0 runs, 0 hits, 0 errors, 1 left on base; California 9 - Oakland 0
TOP OF THE 7TH
California Angels batting - Pitching for Oakland Athletics : RHP John Owens
Batting: LHB Micah Miller 0-0: Called Strike
0-1: Ball
1-1: Ground out 4-3 (Groundball, 4, EV 105.6 MPH)
Batting: LHB Javier Trujillo 0-0: Ground out 4-3 (Groundball, 4, EV 80.6 MPH)
Batting: RHB Mike Harkins 0-0: Ball
1-0: Called Strike
1-1: Swinging Strike
1-2: Ball
2-2: SINGLE (Groundball, 34D, EV 100.0 MPH)
Batting: SHB Johnny Stables 0-0: Ball
1-0: Ball
2-0: Ball
3-0: Base on Balls
Mike Harkins to second
Batting: LHB Rusty Ney 0-0: Called Strike
0-1: Ball
1-1: Called Strike
1-2: Strikes out swinging
Top of the 7th over - 0 runs, 1 hit, 0 errors, 2 left on base; California 9 - Oakland 0
BOTTOM OF THE 7TH
Oakland Athletics batting - Pitching for California Angels : LHP Steve Cooper
Batting: RHB Jason May 0-0: Ground out 6-3 (Groundball, 56, EV 89.4 MPH)
Batting: LHB Joel Kunkler 0-0: Ball
1-0: Foul Ball, location: 2F
1-1: Foul Ball, location: 2F
1-2: Ball
2-2: Foul Ball, location: 2F
2-2: Ball
3-2: Ground out 5-3 (Groundball, 56S, EV 68.8 MPH)
Batting: RHB Philip Jansen 0-0: Called Strike
0-1: Called Strike
0-2: Ball
1-2: Ball
2-2: Ball
3-2: Base on Balls
Batting: RHB Nick Gentzel 0-0: Called Strike
0-1: Swinging Strike
0-2: Strikes out looking
Bottom of the 7th over - 0 runs, 0 hits, 0 errors, 1 left on base; California 9 - Oakland 0
TOP OF THE 8TH
California Angels batting - Pitching for Oakland Athletics : RHP John Owens
Batting: RHB Luis Romero 0-0: Foul Ball, location: 2F
0-1: Ball
1-1: Ball
2-1: Foul Ball, location: 2F
2-2: Strikes out looking
Batting: RHB Preston Deakyne 0-0: Ball
1-0: Swinging Strike
1-1: Foul Ball, location: 2F
1-2: Ball
2-2: Strikes out swinging
Batting: RHB Nick Dunn 0-0: Called Strike
0-1: DOUBLE (Line Drive, 89D, EV 101.2 MPH)
Batting: RHB Bjoern Waltersson 0-0: Called Strike
0-1: Ball
1-1: Foul Ball, location: 2F
1-2: Ground out 6-3 (Groundball, 6, EV 88.8 MPH)
Top of the 8th over - 0 runs, 1 hit, 0 errors, 1 left on base; California 9 - Oakland 0
BOTTOM OF THE 8TH
Oakland Athletics batting - Pitching for California Angels : LHP Steve Cooper
Batting: SHB Quincy Bradford 0-0: Ball
1-0: Called Strike
1-1: Ball
2-1: Ball
3-1: Base on Balls
Batting: RHB Garry Hash 0-0: Called Strike
0-1: Swinging Strike
0-2: Ball
1-2: Strikes out looking
Pitching: RHP Allen Weaver
Batting: SHB Ryan Langlois 0-0: Called Strike
0-1: SINGLE (Groundball, 4MD, EV 106.2 MPH)
Quincy Bradford to second
Runner from 2nd tries for 3rd, SAFE, throw by CF made to third
Ryan Langlois to second
Batting: RHB Muneo Kawachi 0-0: Ball
1-0: Ball
2-0: Ball
3-0: Called Strike
3-1: Base on Balls
Batting: RHB Randy Shrewsbury 0-0: Swinging Strike
0-1: Foul Ball, location: 2F
0-2: Ball
1-2: Strikes out swinging
Batting: RHB Jason May 0-0: Foul Ball, location: 2F
0-1: Foul Ball, location: 2F
0-2: Strikes out swinging
Bottom of the 8th over - 0 runs, 1 hit, 0 errors, 3 left on base; California 9 - Oakland 0
TOP OF THE 9TH
California Angels batting - Pitching for Oakland Athletics : RHP John Owens
Batting: LHB Micah Miller 0-0: Called Strike
0-1: Ball
1-1: Ball
2-1: Foul Ball, location: 2F
2-2: Ball
3-2: Fly out, F8 (Flyball, 8RXD, EV 101.9 MPH)
Pitching: RHP Kevin Endsley
Batting: LHB Javier Trujillo 0-0: Ball
1-0: Ball
2-0: Foul Ball, location: 2F
2-1: Swinging Strike
2-2: Strikes out swinging
Batting: RHB Mike Harkins 0-0: Called Strike
0-1: Foul Ball, location: 2F
0-2: Foul Ball, location: 2F
0-2: Ball
1-2: Fly out, F7 (Line Drive, 7, EV 98.8 MPH)
Top of the 9th over - 0 runs, 0 hits, 0 errors, 0 left on base; California 9 - Oakland 0
BOTTOM OF THE 9TH
Oakland Athletics batting - Pitching for California Angels : RHP Allen Weaver
Batting: LHB Joel Kunkler 0-0: Called Strike
0-1: Ball
1-1: Foul Ball, location: 2F
1-2: Ball
2-2: Ball
3-2: Strikes out swinging
Batting: RHB Philip Jansen 0-0: Hit by Pitch
Batting: RHB Nick Gentzel 0-0: Foul Ball, location: 2F
0-1: Foul Ball, location: 2F
0-2: Ball
1-2: Ball
2-2: Foul Ball, location: 2F
2-2: Foul Ball, location: 2F
2-2: Ball
3-2: Grounds into double play, 6-4-3 (Groundball, 56, EV 90.6 MPH)
Bottom of the 9th over - 0 runs, 0 hits, 0 errors, 0 left on base; California 9 - Oakland 0
Thursday, December 15th , 2022 - OOTP Baseball 23.9 Build 102